 Dungeon Crawl Stone Soup version 0.21.1-1-g345015fe64 (webtiles) character file.

156 Fascinator the Skirmisher (level 5, -8/46 HPs)
             Began as a Mummy Chaos Knight on June 24, 2018.
             Mangled by an ogre
             ... wielding a cursed -1 giant club
              (17 damage)
             ... on level 4 of the Dungeon.
             The game lasted 00:05:29 (5080 turns).

Fascinator the Skirmisher (Mummy Chaos Knight)      Turns: 5080, Time: 00:05:29

Health: -8/46      AC: 10    Str: 16      XL:     5   Next: 15%
Magic:  0/5        EV:  4    Int: 12      God:    Xom [*.....]
Gold:   199        SH:  0    Dex: 10 (11) Spells: 4/4 levels left

rFire    x . .     SeeInvis .   a - +0 hand axe (chaos)
rCold    + . .     Gourm    .   (no shield)
rNeg     + + +     Faith    .   d - +0 plate armour
rPois    ∞         Spirit   +   (no helmet)
rElec    .         Reflect  .   g - scarf {Spirit}
rCorr    .         Harm     .   (no gloves)
MR       .....                  (no boots)
Stlth    ..........             (no amulet)
HPRegen  0.15/turn              (no ring)
MPRegen  0.09/turn              (no ring)

@: no status effects
A: no food or potions, fire vulnerability, cold resistance 1, negative energy
resistance 3, torment resistance, unbreathing
a: Renounce Religion


You were on level 4 of the Dungeon.
You worshipped Xom.
You were a special plaything of Xom.
You were not hungry.

You visited 1 branch of the dungeon, and saw 4 of its levels.

You collected 199 gold pieces.

Inventory:

Hand Weapons
 a - a +0 hand axe of chaos (weapon)
Armour
 b - a +2 leather armour
 d - a +0 plate armour (worn)
 g - a scarf of spirit shield (worn)
Magical Staves
 l - an uncursed staff of fire {unknown}
Jewellery
 j - a +3 ring of evasion {unknown}
Scrolls
 c - a scroll of enchant weapon {unknown}
 e - 4 scrolls of fog {unknown}
 f - 4 scrolls of teleportation {unknown}
 h - a scroll of enchant armour {unknown}
 i - a scroll of magic mapping {unknown}
 k - a scroll of immolation {unknown}
 m - a scroll of noise {unknown}


   Skills:
 + Level 5.9 Fighting
 - Level 2.4 Axes
 - Level 1.5 Armour
 - Level 0.7 Dodging


You had 4 spell levels left.
You didn't know any spells.

Dungeon Overview and Level Annotations

Branches:
Dungeon (4/15)
 Temple: D:4-7

Altars:
Ashenzari


Innate Abilities, Weirdness & Mutations

You do not eat or drink.
Your flesh is vulnerable to fire.
You are immune to poison.
Your flesh is cold resistant. (rC+)
You are immune to negative energy. (rN+++)
You are immune to unholy pain and torment.
You can survive without breathing.


Message History

You start resting.
HP restored.
You climb downwards.
The ogre hits you with a giant club!
There is a stone staircase leading up here.
You hit the ogre.
The ogre is poisoned.
The ogre is lightly wounded.
The ogre hits you with a giant club!
Your plate armour prevents you from hitting the ogre.
The ogre is lightly wounded.
The ogre barely misses you.
You completely miss the ogre.
The ogre is lightly wounded.
The ogre hits you with a giant club.
You hit the ogre.
The ogre is moderately wounded.
The ogre hits you with a giant club!!
* * * LOW HITPOINT WARNING * * *
The ogre hits you with a giant club!!
You die...
Xom bursts into laughter!

#.#####
#..O@.#
##..........
#.##.######
... .# ###
.# .# .# .#


You could see an ogre.

Vanquished Creatures
  The ghost of hofbold the Firebug, a weakling DEFE (D:3)
  6 adders
  A worm (D:3)
  A dart slug (D:3)
  2 leopard geckos
  An orc (D:3)
  2 giant cockroaches
  11 goblins
  6 hobgoblins
  4 jackals (D:2)
  3 kobolds
  3 quokkas
  5 bats
  6 frilled lizards
  10 rats
62 creatures vanquished.

Notes
Turn   | Place    | Note
-------+----------+-------------------------------------------
     0 | D:1      | Fascinator the Mummy Chaos Knight began the quest for the Orb.
     0 | D:1      | Reached XP level 1. HP: 18/18 MP: 1/1
   140 | D:1      | Reached XP level 2. HP: 19/24 MP: 2/2
   783 | D:1      | Reached skill level 4 in Fighting
   970 | D:2      | Reached XP level 3. HP: 24/31 MP: 3/3
  1204 | D:2      | XOM: silly message
  1323 | D:2      | XOM: noise
  1385 | D:2      | Reached XP level 4. HP: 31/38 MP: 2/4
  1410 | D:2      | XOM: god gift: scroll labeled HAGGUT RUISEOPP {god gift}
  1435 | D:2      | Reached skill level 5 in Fighting
  1721 | D:2      | XOM: summons 2 hostile demons
  1909 | D:3      | Noticed hofbold's ghost (weakling DEFE)
  1919 | D:3      | Killed hofbold's ghost
  2167 | D:2      | XOM: god gift: 43 gold pieces
  2623 | D:2      | XOM: stat loss: -1 Dex (10/11)
  2888 | D:2      | XOM: mild Erth miscast
  3436 | D:2      | XOM: cloud trail
  3523 | D:2      | XOM: harmless Chrm miscast
  3591 | D:2      | XOM: mild Tloc miscast
  4370 | D:2      | XOM: medium Summ miscast
  4371 | D:2      | Noticed a spatial vortex
  4371 | D:2      | Noticed a spatial vortex
  4476 | D:3      | XOM: cleaving
  4548 | D:3      | Reached XP level 5. HP: 43/46 MP: 5/5
  4713 | D:3      | Found a shattered altar of Ashenzari.
  5035 | D:4      | Noticed an ogre
  5080 | D:4      | Mangled by an ogre

Skill      XL: |  1  2  3  4 |
---------------+-------------+-----
Fighting       | 4 5 |  5.9
Axes           | |  2.4
Armour         | |  1.5
Dodging        | |  0.7

Action                   |  1- 3 |  4- 6 || total
-------------------------+-------+-------++-------
Melee: Hand axe          |   139 |    94 ||   233
Armor: Leather armour    |     4 |       ||     4
       Plate armour      |   119 |    83 ||   202
Dodge: Dodged            |    32 |    22 ||    54
